 Dungeon Crawl Stone Soup version 0.18.1-48-g4cf74bf (webtiles) character file.

92 Heedrag the Conjurer (level 4, -2/24 HPs)
             Began as a Deep Elf Conjurer on July 31, 2016.
             Shot with an arrow by a centaur (9 damage)
             ... on level 3 of the Dungeon.
             The game lasted 00:03:15 (1763 turns).

Heedrag the Conjurer (Deep Elf Conjurer)            Turns: 1763, Time: 00:03:16

Health: -2/24      AC:  2    Str:  6    XL:     4   Next: 35%
Magic:  0/12       EV: 13    Int: 22    God:
Gold:   54         SH:  0    Dex: 15    Spells: 3 memorised, 3 levels left

rFire  . . .     SeeInvis .     e - +0 club
rCold  . . .     Gourm    .     a - +0 robe
rNeg   . . .     Faith    .     (no shield)
rPois  .         Spirit   .     (no helmet)
rElec  .         Dismiss  .     (no cloak)
rCorr  .         Reflect  .     (no gloves)
SustAt .         Harm     .     (no boots)
MR     .....                    (no amulet)
Stlth  ++........               (no ring)
                                k - +2 ring of intelligence

@: very slightly contaminated, not resistant to hostile enchantments, unstealthy
A: no striking features
a: no special abilities


You were on level 3 of the Dungeon.
You were hungry.

You visited 1 branch of the dungeon, and saw 3 of its levels.

You collected 54 gold pieces.

Inventory:

Hand Weapons
 e - a +0 club (weapon)
Armour
 a - a +0 robe (worn)
Jewellery
 k - a +2 ring of intelligence (left hand)
Wands
 n - a wand of disintegration (9/24)
Scrolls
 d - 2 scrolls of remove curse {unknown}
 f - a scroll of magic mapping {unknown}
 g - a scroll of fog {unknown}
 h - a scroll of enchant armour {unknown}
 i - a scroll of blinking {unknown}
 m - a scroll of immolation {unknown}
 o - 2 scrolls of noise {unknown}
Potions
 j - a potion of curing {unknown}
Books
 b - a book of Conjurations

   Spells                             Type                      Level
   a - Magic Dart                     Conjuration                  1
   b - Searing Ray                    Conjuration                  2
   c - Dazzling Spray                 Conjuration/Hexes            3
   d - Fulminant Prism                Conjuration/Hexes            4
   e - Iskenderun's Mystic Blast      Conjuration                  4
   f - Iskenderun's Battlesphere      Conjuration/Charms           5
Comestibles
 c - 2 bread rations
 l - 2 chunks of flesh


   Skills:
 - Level 2.4 Dodging
 - Level 2.4 Stealth
 + Level 4.4 Spellcasting
 * Level 5.8 Conjurations


You had 3 spell levels left.
You knew the following spells:

 Your Spells              Type           Power        Failure   Level  Hunger
a - Magic Dart            Conj           ####         1%          1    None
b - Dazzling Spray        Conj/Hex       ###...       12%         3    ##.....
c - Iskenderun's Mystic   Conj           ####....     12%         4    ####...


Dungeon Overview and Level Annotations

Branches:
Dungeon (3/15)

Altars:


Message History

Tha magic dart hits tha centaur.
Tha centaur be heavily wounded.
Tha centaur misses ye.
Castin': Magic Dart Confirm wit' . or Enter, or press ? or * ta list all spells.
Ye dinnae haf enough magic ta cast tha spell.
Unknown command.
Castin': Magic Dart Confirm wit' . or Enter, or press ? or * ta list all spells.
Aimin': Magic Dart
Press: ? - help, Shift-Dir - straight line, f/p - centaur
Aim: a centaur (heavily wounded, blind) Tha magic dart hits tha centaur.
Tha centaur be heavily wounded.
Ye be feelin' hungry.
Tha centaur wields an uncursed shortbow.
Tha centaur shoots an arrow.
Tha arrow barely misses ye.
Ye see 'ere an arrow.
Tha centaur shoots an arrow.
Tha arrow hits ye!
Ye die...

#.# #.#
##.################.###.
......)..).).......(...
.#.#########.###### ..#
.#.# #....# ..# . .#.#
#.##.# ..# .# ....
#.##.####..# #..# ....
#.#..@(..#.#c.. .....
#.######c#..###.# .....
#.# #()......# ......
#.# ###..###.# .......
#. ....# ....... ...)...
...#... ......#


You could see a centaur.

Vanquished Creatures
  4 gnolls (D:3)
  An adder (D:1)
  An ooze (D:1)
  2 worms
  2 dart slugs (D:1)
  A giant gecko (D:2)
  4 giant cockroaches
  3 goblins
  2 hobgoblins
  5 bats
  2 giant newts (D:2)
  4 kobolds
  2 rats (D:1)
33 creatures vanquished.

Notes
Turn   | Place    | Note
--------------------------------------------------------------
     0 | D:1      | Heedrag the Deep Elf Conjurer began the quest for the Orb.
     0 | D:1      | Reached XP level 1. HP: 10/10 MP: 6/6
    32 | D:1      | Reached XP level 2. HP: 15/15 MP: 0/8
   344 | D:1      | Reached skill level 5 in Conjurations
   399 | D:1      | Reached XP level 3. HP: 19/19 MP: 2/10
   404 | D:1      | Learned a level 3 spell: Dazzling Spray
  1668 | D:3      | Reached XP level 4. HP: 24/24 MP: 4/12
  1730 | D:3      | Learned a level 4 spell: Iskenderun's Mystic Blast
  1749 | D:3      | Noticed a centaur
  1763 | D:3      | Shot with an arrow by a centaur

Skill      XL: |  1  2  3 |
---------------+----------+-----
Conjurations   | 5 |  5.8
Spellcasting   | 4 |  4.4
Dodging        | |  2.4
Stealth        | |  2.4

Action                   |  1- 3 |  4- 6 || total
-------------------------+-------+-------++-------
Melee: Club              |     9 |       ||     9
 Cast: Magic Dart        |    69 |    11 ||    80
       Dazzling Spray    |       |     1 ||     1
  Eat: Chunk             |     2 |       ||     2
Armor: Robe              |     4 |       ||     4
Dodge: Dodged            |     5 |     6 ||    11
